 Dungeon Crawl Stone Soup version 0.31-a0-162-gc4c5a43528 (webtiles) character file.

Game seed: 12751211056960637595

85 qw the Shooter (level 4, -3/39 HPs)
             Began as a Naga Hunter on June 12, 2023.
             Slain by an orc
             ... wielding a +0 flail
              (5 damage)
             ... on level 3 of the Dungeon.
             The game lasted 00:00:25 (1134 turns).

qw the Shooter (Naga Hunter)                        Turns: 1134, Time: 00:00:26

Health: -3/39      AC:  2    Str: 13    XL:     4   Next: 48%
Magic:  4/4        EV:  9    Int: 10    God:
Gold:   99         SH:  0    Dex: 16    Spells: 3/3 levels left

rFire   . . .        Y - +0 shortbow (drain)
rCold   . . .        (shield currently unavailable)
rNeg    . . .        c - +0 leather armour
rPois   +            (no helmet)
rElec   .            (no cloak)
rCorr   .            (no gloves)
SInv    +            (no barding)
Will    .....        (no amulet)
Stlth   +            (no ring)
HPRegen 0.26/turn    (no ring)
MPRegen 0.09/turn

%: no passive effects
@: confused, very slow
A: AC +1, large, see invisible, deformed body, poison resistance, slowness 2,
spit poison 1, naga tail 1
a: Spit Poison


You were on level 3 of the Dungeon.
You visited 1 branch of the dungeon, and saw 3 of its levels.

You collected 99 gold pieces.


Innate Abilities, Weirdness & Mutations

Your serpentine skin is tough. (AC +1)
You have supernaturally acute eyesight. (SInv)
Armour fits poorly on your strangely shaped body.
Your system is resistant to poisons. (rPois)
You cover ground very slowly.
You can spit poison.
You have a snake-like lower body.


   Skills:
 + Level 2.0 Fighting
 - Level 5.2 Ranged Weapons
 - Level 1.5 Dodging
 - Level 1.5 Stealth


You had 3 spell levels left.
You didn't know any spells.
Your spell library was empty.

Inventory:

Hand Weapons
 Y - a +0 shortbow of draining (weapon)
Armour
 c - a +0 leather armour (worn)
Scrolls
 a - a scroll of teleportation
 f - 2 scrolls of enchant armour
 g - a scroll of fog {unknown}
 h - a scroll of identify
Potions
 b - a potion of lignification {unknown}
 d - a potion of curing {unknown}
 e - a potion of berserk rage {unknown}
 i - 2 potions of degeneration {unknown}

Dungeon Overview and Level Annotations

Branches:
Dungeon (3/15)

Altars:


Message History

You shoot an arrow. The arrow hits the orc.
The orc is heavily wounded.
You have got your breath back.
1124 ||| INVOKING Spit Poison.
Aiming: Spit Poison (1% risk of failure)
Press: ? - help, Shift-Dir - straight line, f/p - orc The splash of poison misses the orc.
The orc hits you with a +0 whip.
The orc wizard hits you with a +0 dagger.
You shoot an arrow. The arrow closely misses the orc.
The orc barely misses you. The orc wizard casts a spell at you.
You resist with some effort.
You shoot an arrow. The arrow hits the orc.
You kill the orc!
The orc wizard hits you with a +0 dagger.
You shoot an arrow. The arrow barely misses the orc wizard.
You have got your breath back.
The orc wizard hits you but does no damage.
The orc wizard casts a spell at you. The magic dart hits you!
1128 ||| INVOKING Spit Poison.
Aiming: Spit Poison (1% risk of failure)
Press: ? - help, Shift-Dir - straight line, f/p - orc wizard The splash of poison hits the orc wizard!
The orc wizard is severely wounded.
You shoot an arrow. The arrow misses the orc wizard.
The orc hits you with a +0 flail!
The orc wizard gestures at you while chanting.
You are confused.
The orc wizard closely misses you. The orc barely misses you.
The orc closely misses you. The orc wizard barely misses you.
The orc wizard hits you with a +0 dagger.
The orc hits you with a +0 flail! The orc wizard casts a spell at you.
The puff of flame misses you. The orc barely misses you.
You have got your breath back.
The orc wizard hits you with a +0 dagger.
The orc hits you with a +0 flail.
You die...

##...## ##+# ####
#.####### ..#
#........ # #.#
#####.###.###
#.##.####...%.....#
#
#...............###
# ####.####......##
# #@# #####.#######
#....ooo# #........
######### #########


You could see an orc wizard (invisible) and 2 orcs.

Vanquished Creatures
  An orc priest (D:3)
  2 adders (D:2)
  2 worms (D:2)
  An orc (D:3)
  2 bats
  5 endoplasms
  A giant cockroach (D:1)
  4 goblins
  4 hobgoblins
  A ball python (D:2)
  3 frilled lizards (D:2)
  2 kobolds
  3 rats
31 creatures vanquished.

Notes
Turn   | Place    | Note
-------+----------+-------------------------------------------
     0 | D:1      | qw the Naga Hunter began the quest for the Orb.
     0 | D:1      | Reached XP level 1. HP: 19/19 MP: 1/1
     0 | D:1      | 0 ||| qw: Version: 0.2-a-29-gc1b59c4
     0 | D:1      | 0 ||| qw: Game counter: 4334
     0 | D:1      | 0 ||| qw: Always use a shield: true
     0 | D:1      | 0 ||| qw: God list: Okawaru
     0 | D:1      | 0 ||| qw: Allow faded altars: false
     0 | D:1      | 0 ||| qw: Do Orc after D:15 true
     0 | D:1      | 0 ||| qw: Do second Lair branch before Depths: true
     0 | D:1      | 0 ||| qw: Lair rune preference: random
     0 | D:1      | 0 ||| qw: Plans: Normal
     0 | D:1      | 0 ||| PLANNING D:1-11
   129 | D:1      | 129 ||| INVOKING Spit Poison.
   158 | D:1      | 158 ||| INVOKING Spit Poison.
   164 | D:1      | 164 ||| INVOKING Spit Poison.
   180 | D:1      | Reached skill level 4 in Ranged Weapons
   180 | D:1      | Reached XP level 2. HP: 26/26 MP: 2/2
   291 | D:1      | 291 ||| INVOKING Spit Poison.
   317 | D:1      | Found a faded altar of an unknown god.
   348 | D:1      | 348 ||| INVOKING Spit Poison.
   496 | D:1      | 496 ||| READING 2 scrolls labelled XOEGAI PUKKEHA.
   499 | D:1      | 499 ||| DROPPING scroll of butterflies.
   516 | D:2      | 516 ||| INVOKING Spit Poison.
   519 | D:2      | Reached XP level 3. HP: 31/32 MP: 3/3
   542 | D:2      | 542 ||| INVOKING Spit Poison.
   548 | D:2      | 548 ||| INVOKING Spit Poison.
   560 | D:2      | 560 ||| INVOKING Spit Poison.
   668 | D:2      | 668 ||| INVOKING Spit Poison.
   674 | D:2      | 674 ||| INVOKING Spit Poison.
   679 | D:2      | 679 ||| INVOKING Spit Poison.
   735 | D:2      | 735 ||| INVOKING Spit Poison.
   753 | D:2      | 753 ||| INVOKING Spit Poison.
   819 | D:2      | 819 ||| INVOKING Spit Poison.
   840 | D:2      | 840 ||| INVOKING Spit Poison.
   936 | D:2      | 936 ||| DROPPING ring of wizardry.
   937 | D:2      | 937 ||| READING scroll labelled SUNANOU EROD.
   938 | D:2      | 938 ||| READING 2 scrolls labelled BEAREU ZOSEHOA.
   939 | D:2      | 939 ||| READING 2 scrolls labelled TUGHAI DIKU.
   943 | D:2      | 943 ||| INVOKING Spit Poison.
   953 | D:3      | 953 ||| INVOKING Spit Poison.
  1092 | D:3      | 1092 ||| INVOKING Spit Poison.
  1101 | D:3      | 1101 ||| INVOKING Spit Poison.
  1119 | D:3      | 1119 ||| INVOKING Spit Poison.
  1122 | D:3      | Reached skill level 5 in Ranged Weapons
  1122 | D:3      | Reached XP level 4. HP: 38/39 MP: 4/4
  1124 | D:3      | 1124 ||| INVOKING Spit Poison.
  1128 | D:3      | 1128 ||| INVOKING Spit Poison.
  1132 | D:3      | HP: 3/39 [orc/+0 flail (10)]
  1134 | D:3      | Slain by an orc

Levels and vault maps discovered:
D:1:      lemuel_arrival_broad_hall, layout_rooms,
          shapermc_ecumenical_altar_flowoftime, minmay_misc_feat_x,
          hangedman_decor_growths, nicolae_titane
D:2:      layout_rooms, grunt_ministairs_1, kennysheep_generic_room_15
D:3:      layout_loops_corners, serial_shops, nicolae_shop_back_alley_shop

Skill      XL: |  1  2  3 |
---------------+----------+-----
Ranged Weapons | 4 5 |  5.2
Fighting       | |  2.0
Dodging        | |  1.5
Stealth        | |  1.5

Action                     |  1- 3 |  4- 6 || total
---------------------------+-------+-------++-------
   Fire: Shortbow          |    52 |     6 ||    58
Ability: Spit Poison       |    21 |     2 ||    23
    Use: Scroll            |     4 |       ||     4
 Armour: Leather armour    |     6 |     1 ||     7
  Dodge: Dodged            |     7 |     7 ||    14

Table legend:
 A = Non-vault XP
 B = Vault XP
 C = Vault XP percentage of total XP
 D = Non-vault monster count
 E = Vault monster count
 F = Vault count percentage of total count
                 A         B        C        D         E       F
            +---------+---------+-------+---------+---------+-------
      Total |     116 |       6 |   4.9 |      29 |       2 |   6.5
            +---------+---------+-------+---------+---------+-------
        D:1 |      20 |       0 |   0.0 |      11 |       0 |   0.0
        D:2 |      46 |       6 |  11.5 |      13 |       2 |  13.3
        D:3 |      50 |       0 |   0.0 |       5 |       0 |   0.0
            +---------+---------+-------+---------+---------+-------
